[Event "Team 45 45 League T24"]
[Site "Free Internet Chess Server"]
[Date "2004.09.30"]
[Round "4"]
[White "BlkSabb"]
[Black "rgadoury"]
[Result "1-0"]
[WhiteElo "1703"]
[BlackElo "1471"]
[TimeControl "2700+45"]

1. d4 d5 2. c4 Nf6 3. Nc3 e6 4. Nf3 Nbd7 5. Bg5 Be7 6. cxd5 Nxd5 7. Bxe7 Qxe7 8. e4 N5f6 9. Be2 O-O 10. O-O a6 11. Qc2 e5 12. Rfe1 c6 13. Rad1 exd4 14. Nxd4 Ne5 15. f4 Ng6 16. e5 Nd5 17. Nxd5 cxd5 18. f5 Nxe5 19. f6 Qxf6 20. Nf3 Nxf3+ 21. Bxf3 Be6 22. Bxd5 Bxd5 23. Rxd5 Rad8 24. Rc5 Qb6 25. Kh1 g6 26. Rc7 Rfe8 27. Rf1 Qb5 28. Rcxf7 Rf8 29. Qf2 Qc4 30. Rxf8+ Rxf8 31. Qxf8#   {Black checkmated} 1-0

[Event "Team 45 45 League T24"]
[Site "Free Internet Chess Server"]
[Date "PDT.10.0"]
[Round "4"]
[White "suequntf"]
[Black "thelovegambit"]
[Result "1/2-1/2"]
[WhiteElo "1440"]
[BlackElo "1508"]
[TimeControl "2700+45"]

1. e4 c5 2. Nf3 Nc6 3. Be2 e6 4. d3 g6 5. Be3 b6 6. Nbd2 Bg7 7. Rb1 Nge7 8. O-O O-O 9. c3 Ba6 10. d4 Bxe2 11. Qxe2 cxd4 12. Nxd4 Nxd4 13. cxd4 d5 14. f3 Nc6 15. Nb3 dxe4 16. fxe4 Nxd4 17. Nxd4 Bxd4 18. Bxd4 Qxd4+ 19. Kh1 Rac8 20. Rbd1 Qc4 21. Qxc4 Rxc4 22. e5 Rfc8 23. Kg1 Rc2 24. Rd7 Rxb2 25. Rxa7 Re2 26. h3 Rxe5 27. Raxf7 Rf5 28. Rf6 Rxf1+ 29. Kxf1 Rf8 30. Rxf8+ Kxf8 31. Ke2 Ke7 32. Kd3 Kd6 33. Kc4 e5 34. a4 h5 35. h4 e4 36. Kd4 e3 37. Kxe3 Kc5 38. Kf4 Kb4 39. Kg5 Kxa4 40. Kxg6 b5 41. Kxh5 b4 42. g4 b3 43. g5 b2 44. g6 b1=Q 45. Kh6 Qh1 46. h5 Qc6 47. Kh7 Qe4 48. h6 Kb5 49. Kg7 Kc6 50. h7 Qe7+ 51. Kg8 Qe8+   {Game drawn by mutual agreement} 1/2-1/2

[Event "Team 45 45 League T24"]
[Site "Free Internet Chess Server"]
[Date "PDT.10.0"]
[Round "4"]
[White "SamuraiGoroh"]
[Black "Triplea"]
[Result "1-0"]
[WhiteElo "1367"]
[BlackElo "1286"]
[TimeControl "2700+45"]

1. e4 e5 2. Nf3 Nc6 3. Bc4 Bc5 4. d3 d6 5. Qe2 Qe7 6. Be3 b6 7. Nc3 Be6 8. Bxe6 Qxe6 9. Bxc5 bxc5 10. Nb5 Qd7 11. c3 a6 12. Na3 Nf6 13. h3 d5 14. O-O O-O 15. Rfd1 d4 16. Nc4 Rfe8 17. Rdc1 Rad8 18. a3 dxc3 19. Rxc3 Nd4 20. Qd1 Nh5 21. Nfxe5 Qe6 22. Qxh5 g6 23. Qg4 Qxg4 24. Nxg4 Ne2+ 25. Kf1 Nxc3 26. bxc3 Rxd3 27. Nf6+ Kf8 28. Nxe8 Kxe8 29. Rc1 Ke7 30. Ne5 Rd2 31. f3 f6 32. Nc4 Rd3 33. Ke2 Rd7 34. Rd1 Rxd1 35. Kxd1 Ke6 36. a4 h5 37. h4 f5 38. exf5+ gxf5 39. Ke2 Kd5 40. Ne3+ Ke5 41. Kd3 f4 42. Nc4+ Kd5 43. Nd2 c6 44. Nf1 c4+ 45. Kc2 a5 46. g3 fxg3 47. Nxg3 Ke5 48. Kd2 Kf4 49. Nxh5+ Kxf3 50. Nf6 Kf4 51. Ke2 c5 52. Nd7   {Black resigns} 1-0

[Event "Team 45 45 League T24"]
[Site "Free Internet Chess Server"]
[Date "PDT.10.0"]
[Round "4"]
[White "manyhorses"]
[Black "Phendrana"]
[Result "0-1"]
[WhiteElo "1216"]
[BlackElo "1382"]
[TimeControl "2700+45"]

1. e4 e5 2. Nf3 Nc6 3. Bc4 Nd4 4. Nxe5 Qg5 5. Bxf7+ Ke7 6. O-O Qxe5 7. Bd5 c6 8. Bxg8 Rxg8 9. Nc3 Kd8 10. Qg4 d5 11. Qh4+ g5 12. Qxh7 Rh8 13. Qxh8 Qxh8 14. exd5 Bd6 15. h3 Bxh3 16. d3 Bxg2 17. Bxg5+ Kc8 18. Kxg2 Qh2#   {White checkmated} 0-1

[Event "Team 45 45 League T24"]
[Site "Free Internet Chess Server"]
[Date "PDT.10.0"]
[Round "4"]
[White "chesstalker"]
[Black "Triplea"]
[Result "1-0"]
[WhiteElo "1350"]
[BlackElo "1276"]
[TimeControl "2700+45"]

1. d4 Nf6 2. c4 e6 3. Nc3 d5 4. c5 b6 5. b4 bxc5 6. bxc5 Nc6 7. Bf4 Qe7 8. Rb1 e5 9. Be3 exd4 10. Bxd4 Nxd4 11. Qxd4 Qe6 12. Nf3 Be7 13. Nb5 Qc6 14. Qe5 O-O 15. Qxc7 Qxc5 16. Qxc5 Bxc5 17. Nc7 Bf5 18. Rb5 Rab8 19. e3 Bb4+ 20. Nd2 Rxb5 21. Nxb5 Ne4 22. Nd4 Bxd2+ 23. Ke2 Bg6 24. f3 Bxe3 25. Kxe3 Nc3 26. Nc6 Re8+ 27. Kd2 Nxa2 28. Nxa7 d4 29. Nc6 Rc8 30. Ne7+ Kf8 31. Nxc8   {Black resigns} 1-0

[Event "Team 45 45 League T24"]
[Site "Free Internet Chess Server"]
[Date "PDT.10.0"]
[Round "4"]
[White "jerryrab"]
[Black "hotjazz"]
[Result "0-1"]
[WhiteElo "1247"]
[BlackElo "1284"]
[TimeControl "2700+45"]

1. f4 Nf6 2. Nf3 d6 3. e3 Nc6 4. h3 a6 5. Nc3 e5 6. Bc4 Bf5 7. Ng5 d5 8. Be2 Qd7 9. g4 exf4 10. exf4 Bc5 11. gxf5 Qxf5 12. d3 h6 13. Nf3 Nh5 14. Nh4 Qf6 15. Ng2 Ng3 16. Rh2 O-O 17. Bf3 Rae8+ 18. Kd2 Ne7 19. Nxd5 Nxd5 20. Bxd5 Re2+ 21. Qxe2 Nxe2 22. Kxe2 Re8+ 23. Kf3 c6 24. Be4 g5 25. f5 Qe5 26. c3 Qxh2 27. Ne3 Qxh3+ 28. Ke2 Qh5+ 29. Kd2 g4 30. Nc4 Qh2+ 31. Ke1 g3 32. Kf1 Qf2#   {White checkmated} 0-1

[Event "Team 45 45 League T24"]
[Site "Free Internet Chess Server"]
[Date "PDT.10.0"]
[Round "4"]
[White "YOIULI"]
[Black "inkaotibus"]
[Result "0-1"]
[WhiteElo "1873"]
[BlackElo "2137"]
[TimeControl "2700+45"]

1. e4 e5 2. Nf3 Nc6 3. Bb5 a6 4. Ba4 Nf6 5. d4 exd4 6. O-O Bc5 7. Re1 h6 8. e5 Nd5 9. Bb3 Nde7 10. c3 dxc3 11. Nxc3 O-O 12. Ne4 Bb4 13. Bxh6 Bxe1 14. Bxg7 Bxf2+ 15. Kxf2 Kxg7 16. h4 Ng6 17. Qd3 Ncxe5 18. Nxe5 Nxe5 19. Qg3+ Ng6 20. h5 Qe7 21. Re1 Qh4 22. hxg6 fxg6+ 23. Kg1 Qxg3 24. Nxg3 Rd8 25. Re7+ Kh6 26. Ne4 d5 27. Nf6 d4 28. Rxc7 d3 29. Bd1 Bf5 30. g4 Rac8 31. Rxb7 Rc1 32. Kf2 Rxd1 33. Ke3 Re1+ 34. Kf4 Rd4+ 35. Kg3 Rg1+ 36. Kh4 Rgxg4+ 37. Nxg4+ Rxg4+   {White resigns} 0-1

[Event "Team 45 45 League T24"]
[Site "Free Internet Chess Server"]
[Date "PDT.10.0"]
[Round "4"]
[White "HotDonut"]
[Black "Louro"]
[Result "1-0"]
[WhiteElo "1844"]
[BlackElo "1811"]
[TimeControl "2700+45"]

1. e4 c5 2. Nc3 Nc6 3. f4 e6 4. Nf3 g6 5. Bb5 Nge7 6. d3 Bg7 7. Bxc6 Nxc6 8. f5 exf5 9. O-O Bxc3 10. bxc3 d5 11. exd5 Qxd5 12. Qe1+ Be6 13. Qh4 Ne5 14. Qf6 Nxf3+ 15. Rxf3 Kd7 16. Bg5 Qd6 17. Rb1 b6 18. d4 Bxa2 19. Rb2 Qxf6 20. Bxf6 Bd5 21. Rd3 Be4 22. Bxh8 Bxd3 23. cxd3 Rxh8 24. dxc5 Kc6 25. cxb6 axb6 26. Kf2 Re8 27. Re2 Re6 28. Kf3 Kd5 29. Ra2 Rc6 30. Ra3 g5 31. g3 h6 32. Ke3 Re6+ 33. Kf3 Rc6 34. Ke3 Re6+ 35. Kf3 Kc5 36. Ra7 Rd6 37. Rc7+ Kb5 38. d4 Rc6 39. Rxc6 Kxc6 40. c4 Kd6 41. d5 f6 42. Ke3 Ke5 43. Kd3 h5 44. h4 gxh4 45. gxh4 f4 46. Ke2 f5 47. Kf3 Kd6 48. Kxf4 Kc5 49. Kxf5 Kxc4 50. d6 b5 51. d7 b4 52. d8=Q b3 53. Qb6 Kc3 54. Qe3+ Kc2 55. Qe2+ Kb1 56. Qd1+ Ka2 57. Qd5 Ka1 58. Qa5+ Kb1 59. Kg5 b2 60. Kxh5 Kc1 61. Kg5 b1=Q 62. Qe1+ Kc2 63. Qxb1+ Kxb1 64. h5   {Black resigns} 1-0

[Event "Team 45 45 League T24"]
[Site "Free Internet Chess Server"]
[Date "PDT.10.0"]
[Round "4"]
[White "Gildo"]
[Black "fismoluni"]
[Result "1-0"]
[WhiteElo "1608"]
[BlackElo "1599"]
[TimeControl "2700+45"]

1. e4 c5 2. Nf3 d6 3. d4 cxd4 4. Nxd4 Nf6 5. Nc3 a6 6. Be3 e6 7. Be2 Qc7 8. Qd3 Bd7 9. O-O-O Nc6 10. f4 b5 11. Nxc6 Bxc6 12. Bf3 Rc8 13. a3 Be7 14. g4 Qb7 15. g5 Nd7 16. Bd4 e5 17. Be3 b4 18. axb4 Qxb4 19. Qxa6 O-O 20. Na2 Qb8 21. Qa7 Qxa7 22. Bxa7 Ra8 23. Nb4 Bxe4 24. Bxe4 Rxa7 25. Nc6 Ra1+ 26. Kd2 Rxd1+ 27. Rxd1 Re8 28. Ke3 Bf8 29. b4 Nb6 30. fxe5 Nc4+ 31. Kd4 Nxe5 32. b5 Nd7 33. Ra1 Nc5 34. Bd5 Ne6+ 35. Bxe6 fxe6 36. b6 g6 37. Ra7 Bg7+ 38. Kd3 Be5 39. b7   {Black resigns} 1-0

[Event "Team 45 45 League T24"]
[Site "Free Internet Chess Server"]
[Date "PDT.10.0"]
[Round "4"]
[White "gflan"]
[Black "crane"]
[Result "0-1"]
[WhiteElo "1589"]
[BlackElo "1376"]
[TimeControl "2700+45"]

1. e4 c6 2. d4 d5 3. exd5 cxd5 4. c4 Nf6 5. Nc3 e6 6. Nf3 Be7 7. Bd3 Nc6 8. O-O O-O 9. Re1 Qb6 10. b3 Bd7 11. cxd5 exd5 12. Bg5 Rfe8 13. Bxf6 Bxf6 14. Nxd5 Qa5 15. Nxf6+ gxf6 16. Qc2 Qh5 17. Rad1 Nb4 18. Rxe8+ Rxe8 19. Qc7 Bc6 20. Qg3+ Kh8 21. h3 Rg8 22. Qh4 Rxg2+ 23. Kf1 Bxf3 24. Qxh5 Bxh5 25. Rd2 Rh2 26. Bf5 Bf3 27. Ke1 Rh1#   {White checkmated} 0-1

[Event "Team 45 45 League T24"]
[Site "Free Internet Chess Server"]
[Date "PDT.10.0"]
[Round "4"]
[White "thomchad"]
[Black "Almaty"]
[Result "1-0"]
[WhiteElo "1947"]
[BlackElo "1733"]
[TimeControl "2700+45"]

1. d4 d5 2. c4 e6 3. Nc3 Nf6 4. cxd5 Nxd5 5. Bd2 c5 6. e4 Nxc3 7. bxc3 a6 8. Qa4+ Bd7 9. Qc2 b5 10. Nf3 g6 11. a4 cxd4 12. axb5 dxc3 13. Qxc3 Rg8 14. Bd3 Qb6 15. O-O Bc5 16. bxa6 Qa7 17. Rab1 Bc8 18. Rbc1 Nd7 19. Bb5 Bd6 20. Qxc8+ Rxc8 21. Rxc8+ Ke7 22. Rxg8 Nf8 23. Bg5+ f6 24. Rg7+   {Black resigns} 1-0

[Event "Team 45 45 League T24"]
[Site "Free Internet Chess Server"]
[Date "PDT.10.0"]
[Round "4"]
[White "TrondTumyr"]
[Black "LangstonB"]
[Result "1-0"]
[WhiteElo "1811"]
[BlackElo "1721"]
[TimeControl "2700+45"]

1. e4 d6 2. d4 Nf6 3. Nc3 g6 4. Nf3 Bg7 5. h3 O-O 6. Be3 Nbd7 7. Qd2 e5 8. O-O-O Qe7 9. Bd3 a6 10. Bh6 b5 11. Bxg7 Kxg7 12. Rde1 Bb7 13. h4 h5 14. Rh3 Ng4 15. Nd5 Qd8 16. dxe5 Ndxe5 17. Nxe5 Nxe5 18. Rg1 c6 19. Nf4 Qf6 20. f3 Nxd3+ 21. cxd3 c5 22. g4 hxg4 23. Rxg4 Qe5 24. Rg5 Qe7 25. Qc3+ Kh7 26. h5 Qxg5 27. hxg6+   {Black resigns} 1-0

[Event "Team 45 45 League T24"]
[Site "Free Internet Chess Server"]
[Date "PDT.10.0"]
[Round "4"]
[White "cregan"]
[Black "zcomcon"]
[Result "1/2-1/2"]
[WhiteElo "1671"]
[BlackElo "1698"]
[TimeControl "2700+45"]

1. e4 e5 2. f4 exf4 3. Nf3 d6 4. d4 Be7 5. Bxf4 Bg4 6. Bc4 Nf6 7. Nbd2 Nh5 8. Be3 Nf6 9. O-O O-O 10. c3 a6 11. a4 Nc6 12. b4 Qc8 13. Qb3 Nd8 14. e5 dxe5 15. Nxe5 Be6 16. d5 Bd7 17. Nxd7 Qxd7 18. Bd4 Qd6 19. Bxf6 Bxf6 20. Ne4 Qb6+ 21. Kh1 Be7 22. a5 Qh6 23. Rae1 Bd6 24. Nxd6 Qxd6 25. Re3 f6 26. Bd3 Nf7 27. Re6 Qd7 28. Bf5 Qd8 29. Rfe1 Ne5 30. d6 Kh8 31. Rd1 cxd6 32. Rexd6 Qc7 33. Qc2 g6 34. Be6 Rad8 35. Rxd8 Rxd8 36. Rxd8+ Qxd8 37. c4 Qd6 38. Bd5 Qxb4 39. Qf2 f5 40. h3 Kg7 41. Qd4 Kf6 42. Qh4+ Kg7 43. Qd4 Kf6 44. Qh4+ Kg7 45. Qd4   {Game drawn by repetition} 1/2-1/2

[Event "Team 45 45 League T24"]
[Site "Free Internet Chess Server"]
[Date "PDT.10.0"]
[Round "4"]
[White "DesparateDan"]
[Black "senorquinn"]
[Result "1-0"]
[WhiteElo "1671"]
[BlackElo "1510"]
[TimeControl "2700+45"]

1. e4 c5 2. Nf3 Nc6 3. d4 cxd4 4. Nxd4 Nf6 5. Nc3 d6 6. Bg5 e5 7. Bxf6 gxf6 8. Nb3 f5 9. Bd3 fxe4 10. Bxe4 Be6 11. Nd5 Bh6 12. Qh5 Bxd5 13. Bxd5 Qf6 14. Bxf7+ Qxf7 15. Qxh6 Rf8 16. O-O-O Qf4+ 17. Qxf4 Rxf4 18. f3 Ke7 19. Rhe1 Rc8 20. Kb1 Kd7 21. Nc5+ Ke7 22. Nxb7 Rd4 23. Rxd4 Nxd4 24. c3 Nf5 25. f4 Kf6 26. fxe5+ dxe5 27. Rf1 Ke6 28. Na5 Ne3 29. Rg1 Rf8 30. Nb3 Rf2 31. Nc5+ Kd5 32. Nd3 Rd2 33. Nb4+ Ke4 34. Kc1 Rf2 35. Na6 Rc2+ 36. Kb1 Rxg2 37. Rxg2 Nxg2 38. c4 Kd3 39. c5 e4 40. c6 e3 41. Nb4+ Kd2 42. c7 e2 43. Nc2   {Black resigns} 1-0

[Event "Team 45 45 League T24"]
[Site "Free Internet Chess Server"]
[Date "PDT.10.0"]
[Round "4"]
[White "Regnmanden"]
[Black "KymF"]
[Result "1/2-1/2"]
[WhiteElo "2140"]
[BlackElo "2097"]
[TimeControl "2700+45"]

1. d4 Nf6 2. Bg5 e6 3. e4 h6 4. Bxf6 Qxf6 5. Nf3 d6 6. c3 Nd7 7. Na3 Be7 8. Bd3 O-O 9. Nc4 e5 10. O-O c5 11. Ne3 Nb6 12. d5 Bd7 13. a4 a5 14. Qb3 Bd8 15. Bb5 Bh3 16. Nd2 Qg6 17. Kh1 Bc8 18. f4 exf4 19. Rxf4 Bg5 20. Rf3 Rb8 21. Bd3 Bxe3 22. Rxe3 Nd7 23. Nc4 Ne5 24. Nxe5 dxe5 25. Rg3 Qd6 26. Rf1 Bd7 27. c4 h5 28. Qd1 h4 29. Rg5 g6 30. Qh5 Kg7 31. Qxh4 f6 32. Rg4 Bxg4 33. Qxg4 Qb6 34. Qe2 Qb3 35. Ra1 Rh8 36. Ra3 Qb6 37. Rc3 Rh4 38. b3 Rbh8 39. h3 Qd6 40. Bc2 R8h7 41. Qf2 Rf4 42. Qe1 b6 43. Rg3 Kf7 44. Bd1 Rh8 45. Bf3 Rh6 46. Qe2 Ke7 47. Bg4 f5 48. Bf3 Rfh4 49. Kh2 f4 50. Rg4 R4h5 51. Qb2 Rh8 52. Kg1 Kd7 53. Qe2 Kc7 54. Qb2 Kb7 55. Qe2 Rg8 56. Qb2 g5 57. Rxf4 gxf4 58. Bxh5 Rg3 59. Bf3 Qf6 60. Qd2 Kc7 61. Qf2 Qg6 62. Kf1 Qg5 63. Ke1 Qh4 64. Kf1   {Game drawn by mutual agreement} 1/2-1/2

[Event "Team 45 45 League T24"]
[Site "Free Internet Chess Server"]
[Date "PDT.10.0"]
[Round "4"]
[White "minkowski"]
[Black "YOIULI"]
[Result "1-0"]
[WhiteElo "1952"]
[BlackElo "1888"]
[TimeControl "2700+45"]

1. d4 d5 2. c4 e5 3. cxd5 Qxd5 4. dxe5 Qxe5 5. Nc3 Bb4 6. Bd2 Bg4 7. h3 Bh5 8. Qb3 Nc6 9. a3 Nd4 10. Qa4+ b5 11. Qd1 Qf5 12. Rc1 Bc5 13. Be3 Rd8 14. g4 Bxg4 15. hxg4 Qg6 16. Bxd4 Bxd4 17. Qb3 Qc6 18. Nf3 a6 19. Bg2 Bb6 20. O-O Ne7 21. Rfd1 O-O 22. Nd5 Qe6 23. Nxe7+ Qxe7 24. e3 c5 25. Rxd8 Rxd8 26. Rd1 c4 27. Qc2 Rc8 28. Nd4 Qg5 29. Qf5 Qd8 30. Bb7 Rc5 31. Qf3 Qg5 32. Bxa6 h5 33. Ne2 hxg4 34. Qa8+ Kh7 35. Qe4+ g6 36. Qe8 Rf5 37. Bc8 Rf3 38. Bb7 Ba5 39. Bxf3 gxf3+ 40. Ng3 Qf6 41. Rd7 Kg7 42. Ra7 Be1 43. Ra8 Qh4 44. Qg8+ Kh6 45. Qh8+ Kg5 46. Qxh4+ Kxh4 47. Rb8 c3 48. bxc3 Bxc3 49. Rxb5 f5 50. a4 Bd2 51. Nf1 Bc1   {Black resigns} 1-0

[Event "Team 45 45 League T24"]
[Site "Free Internet Chess Server"]
[Date "PDT.10.0"]
[Round "4"]
[White "mandragora"]
[Black "nham"]
[Result "0-1"]
[WhiteElo "1831"]
[BlackElo "2015"]
[TimeControl "2700+45"]

1. e4 e5 2. Nf3 Nc6 3. Bb5 a6 4. Ba4 Nf6 5. Qe2 b5 6. Bb3 Bc5 7. c3 O-O 8. O-O d6 9. h3 h6 10. Rd1 Re8 11. d3 Bb7 12. Be3 Bxe3 13. Qxe3 Na5 14. Bc2 c5 15. Nbd2 Qc7 16. Nf1 d5 17. Ng3 dxe4 18. dxe4 Nc4 19. Qc1 Nd6 20. Qe3 Qc6 21. Re1 Nc4 22. Qc1 Rad8 23. b3 Nd6 24. Qe3 a5 25. a4 b4 26. cxb4 cxb4 27. Rac1 Nc8 28. Bd3 Qd6 29. Bb5 Re6 30. Bc4 Ree8 31. Bb5 Re6 32. Qc5 g6 33. Qe3 Kg7 34. Nh4 Qd2 35. Qxd2 Rxd2 36. Rc7 Nd6 37. Bc4 Nxc4 38. Rxb7 Nb2 39. Re3 Nd1 40. Rf3 Nc3 41. Nh5+ gxh5 42. Rg3+ Kf8 43. Nf5 Ncxe4 44. Rg7 Rd7 45. Rb8+ Re8 46. Rb5 Nd6 47. Nxd6 Rxd6 48. Rg3 Rd5 49. Rb6 Re6   {White resigns} 0-1

[Event "Team 45 45 League T24"]
[Site "Free Internet Chess Server"]
[Date "PDT.10.0"]
[Round "4"]
[White "noHz"]
[Black "Louro"]
[Result "1/2-1/2"]
[WhiteElo "1905"]
[BlackElo "1793"]
[TimeControl "2700+45"]

1. e4 c5 2. Nf3 d6 3. d4 cxd4 4. c3 dxc3 5. Nxc3 Nc6 6. Bc4 e6 7. O-O Nf6 8. Qe2 a6 9. Rd1 Qc7 10. Bg5 Be7 11. Rac1 O-O 12. Bb3 h6 13. Bh4 e5 14. Bxf6 Bxf6 15. Nd5 Qd8 16. h3 Be6 17. Nxf6+ gxf6 18. Bxe6 fxe6 19. Qd2 d5 20. exd5 exd5 21. Qxh6 Rf7 22. Nh4 Rh7 23. Qg6+ Rg7 24. Qf5 Nd4 25. Qd3 Rc8 26. Nf5 Nxf5 27. Qxf5 Rgc7 28. Rxc7 Rxc7 29. Qe6+ Kg7 30. Rd3 Kf8 31. Rg3 Rf7 32. Rc3 Qd7 33. Rc8+ Kg7 34. Qxd7 Rxd7 35. Kf1   {Game drawn by mutual agreement} 1/2-1/2

[Event "Team 45 45 League T24"]
[Site "Free Internet Chess Server"]
[Date "PDT.10.0"]
[Round "4"]
[White "kethury"]
[Black "Nogger"]
[Result "1-0"]
[WhiteElo "2118"]
[BlackElo "2004"]
[TimeControl "2700+45"]

1. e4 e6 2. d4 d5 3. Nc3 Nf6 4. e5 Nfd7 5. f4 c5 6. Nf3 Nc6 7. Be3 a6 8. dxc5 Nxc5 9. Be2 Be7 10. a3 O-O 11. O-O Nd7 12. Qd2 f6 13. Nd4 Ndb8 14. Bg4 Nxd4 15. Bxd4 Nc6 16. exf6 Bxf6 17. Bc5 Be7 18. Bxe7 Nxe7 19. Rae1 Qb6+ 20. Qf2 Qxb2 21. Na4 Qxa3 22. Nb6 Rb8 23. Nxc8 Nxc8 24. Bxe6+ Kh8 25. Bxd5 b5 26. Bb3 Qb4 27. Rd1 a5 28. Be6 Nb6 29. f5 Na4 30. Rfe1 Nc3 31. Rd4 Qc5 32. Kh1 b4 33. Qh4 Rf6 34. Rd7 Qf8 35. Re3 Re8 36. h3 a4 37. Kh2 a3 38. Rg3 a2 39. Rgxg7 Qxg7 40. Rxg7 Kxg7 41. Qg4+ Kh8 42. Qd4 Rf8 43. Qa7 Rxe6 44. fxe6 Kg8 45. h4 h6 46. h5 Rf1 47. Qb8+ Kh7 48. Qc7+ Kh8 49. e7 Re1 50. Qc8+ Kh7 51. Qf5+ Kh8 52. Qf6+ Kh7 53. Qg6+ Kh8 54. Qxh6+ Kg8 55. Qf8+ Kh7 56. Qf7+ Kh8 57. h6 Rh1+ 58. Kg3   {Black resigns} 1-0

[Event "Team 45 45 League T24"]
[Site "Free Internet Chess Server"]
[Date "PDT.10.0"]
[Round "4"]
[White "ktwag"]
[Black "trebejo"]
[Result "1-0"]
[WhiteElo "1873"]
[BlackElo "1952"]
[TimeControl "2700+45"]

1. e4 c5 2. Nf3 e6 3. d4 cxd4 4. Nxd4 Nc6 5. Nc3 Nf6 6. Ndb5 d6 7. Bf4 e5 8. Bg5 a6 9. Na3 b5 10. Nd5 Be7 11. Bxf6 Bxf6 12. c3 O-O 13. Be2 Bg5 14. Nc2 Rb8 15. O-O a5 16. Qd3 Ne7 17. Nxe7+ Bxe7 18. a3 Bd7 19. Ne3 Bc6 20. Nf5 Qd7 21. Rfd1 Rfd8 22. Qg3 g6 23. Bg4 Qb7 24. Nxe7+ Qxe7 25. Bf3 Qb7 26. Qg4 Rd7 27. Rd2 Kh8 28. Rad1 Rbd8 29. Qg5 Kg7 30. Qe3 f5 31. exf5 Bxf3 32. gxf3 gxf5 33. Qg5+ Kh8 34. Qxf5 Rf7 35. Qe4 Qe7 36. Kf1 Rf4 37. Qd5 Qh4 38. Ke2 Qf6 39. Qc6 e4 40. Rxd6 exf3+ 41. Kf1 Rxd6 42. Rxd6 Qg7 43. Rd8+ Rf8 44. Rxf8+ Qxf8 45. Qxb5 Qd6 46. Qe8+ Kg7 47. Ke1 Qd3 48. Qe5+ Kg8 49. Qg5+ Kf7 50. Qf4+ Kg8 51. Qd2 Qe4+ 52. Qe3 Qb1+ 53. Kd2 Qxb2+ 54. Kd3 Qb1+ 55. Kd4 Qf5 56. Qe8+ Kg7 57. Qe5+ Kg6 58. Qxf5+ Kxf5 59. Ke3 Ke5 60. Kxf3 Kd5 61. Ke3 Kc4 62. Kd2 Kb3 63. f4 Kxa3 64. f5 Kb2 65. f6 a4 66. f7 a3 67. f8=Q a2 68. Qb8+   {Black resigns} 1-0

[Event "Team 45 45 League T24"]
[Site "Free Internet Chess Server"]
[Date "PDT.10.0"]
[Round "4"]
[White "LNO"]
[Black "Zepphire"]
[Result "0-1"]
[WhiteElo "1811"]
[BlackElo "1917"]
[TimeControl "2700+45"]

1. e4 c5 2. d4 cxd4 3. c3 dxc3 4. Nxc3 Nc6 5. Nf3 d6 6. Bc4 e6 7. O-O Be7 8. Qe2 Nf6 9. Rd1 e5 10. h3 O-O 11. Bg5 Be6 12. Rac1 Rc8 13. Bd3 h6 14. Be3 Qd7 15. Kh2 Rfd8 16. Bb5 a6 17. Ba4 b5 18. Bc2 Bf8 19. Bb6 Re8 20. Bb1 Bc4 21. Qd2 Nh5 22. Be3 Be6 23. Qd3 Na5 24. b3 Nc6 25. Qe2 Ne7 26. Nxe5 Qb7 27. Rxd6 Nf5 28. Rb6 Qc7 29. Rxe6 Rxe6 30. f4 Nxe3 31. Qxe3 Nxf4 32. Qxf4 Qxe5 33. Qxe5 Rxe5 34. Ne2 Rxc1 35. Nxc1 Bd6 36. g3 h5 37. h4 Re6 38. Ne2 Be5 39. Kg2 Rf6 40. Ng1 Rg6 41. Ne2 Rd6 42. Kf3 Rd1 43. Bc2 Rd2 44. Bb1 b4 45. Ke3 Rb2 46. Bd3 a5 47. Nc1 Bxg3 48. Bc4 Bxh4 49. Nd3 Rxa2 50. Ne5 Bd8 51. Nxf7 Bb6+ 52. Kf4 Rf2+ 53. Kg5 Rxf7 54. Bxf7+ Kxf7   {White resigns} 0-1